 Dungeon Crawl Stone Soup version 0.30.1-4-g462c640d31 (webtiles) character file.

Game seed: 14962820907343765804

2877 arthad the Trooper (level 9, -4/58 (73) HPs)
             Began as a Vine Stalker Berserker on Aug 24, 2023.
             Was an Elder of Trog.
             Slain by Duvessa
             ... wielding a +4 rapier of draining
              (14 damage)
             ... on level 7 of the Dungeon.
             The game lasted 00:09:18 (5882 turns).

arthad the Trooper (Vine Stalker Berserker)         Turns: 5882, Time: 00:09:18

HP:   -4/58 (73)    AC: 12    Str: 23    XL:     9   Next: 76%
MP:   0/10          EV: 11    Int:  7    God:    Trog [****..]
Gold: 384           SH:  0    Dex: 15    Spells: 8/8 levels left

rFire   . . .        l - +0 hand axe (freeze)
rCold   + . .        (no shield)
rNeg    . . .        m - +0 chain mail
rPois   +            C - +0 helmet
rElec   .            w - scarf {shadows}
rCorr   .            (no gloves)
SInv    .            f - +0 pair of boots
Will    +++..        (no amulet) Stlth
                     e - ring of poison resistance
HPRegen 2.09/turn    p - ring of protection from cold
MPRegen 0.12/turn

%: guardian spirit
@: berserking, strong-willed, regenerating, heavily drained, very quick
A: fangs 3, regeneration 1, magic shield, antimagic bite, no potion heal 2
a: Renounce Religion, Berserk, Trog's Hand, Brothers in Arms


You were on level 7 of the Dungeon.
You worshipped Trog.
Trog was greatly pleased with you.
You visited 1 branch of the dungeon, and saw 7 of its levels.
You also visited: Sewer.

You collected 384 gold pieces.

Inventory:

Hand Weapons
 a - a +0 hand axe
 c - a +0 executioner's axe
 l - a +0 hand axe of freezing (weapon)
 n - a +5 flail of protection
 o - a +0 battleaxe
Missiles
 g - 8 javelins (quivered)
 D - a curare-tipped dart
 E - 18 poisoned darts
Armour
 b - a +0 animal skin
 f - a +0 pair of boots (worn)
 m - a +0 chain mail (worn)
 w - a scarf of shadows (worn)
 z - the +5 ring mail of Lightning Storm {Fly rElec rN++ Str-5}
   (You found it on level 6 of the Dungeon)

   Str:       It affects your strength (-5).
   rElec:     It insulates you from electricity.
   rN:        It greatly protects you from negative energy.
   Fly:       It grants you flight.
 C - a +0 helmet (worn)
Jewellery
 e - a ring of poison resistance (left hand)
 h - a ring of ice
 p - a ring of protection from cold (right hand)
 J - a ring of wizardry
Wands
 s - a wand of polymorph (11)
 u - a wand of flame (21)
 A - a wand of charming (7)
 F - a wand of acid (10)
Scrolls
 k - 3 scrolls of blinking
 t - a scroll of noise {unknown}
 v - 2 scrolls of magic mapping {unknown}
 x - a scroll of silence {unknown}
 y - 2 scrolls of identify
 G - 2 scrolls of teleportation
 I - a scroll of enchant armour {unknown}
Potions
 d - a potion of mutation
 i - 5 potions of curing
 j - a potion of flight {unknown}
 q - a potion of heal wounds {unknown}
 r - a potion of haste {unknown}
 B - a potion of resistance {unknown}
 H - a potion of lignification {unknown}


   Skills:
 + Level 6.6 Fighting
 + Level 6.5 Axes
 + Level 5.7 Armour
 + Level 5.6 Dodging


You had 8 spell levels left.
You didn't know any spells.
Your spell library was empty.

Dungeon Overview and Level Annotations

Branches:
Dungeon (7/15)             Temple (0/1) D:5           Sewer (visited)

Altars:
Cheibriados
Dithmenos
Elyvilon
Kikubaaqudgha
Makhleb
Okawaru
Ru
Sif Muna
Trog
Zin

Shops:
D:1 =   D:2 :   D:6 (

Annotations:
D:7 Duvessa


Innate Abilities, Weirdness & Mutations

You have razor-sharp teeth.
Your natural rate of healing is unusually fast.
When hurt, damage is shared between your health and your magic reserves.
Your bite disrupts and absorbs the magic of your enemies.
Potions cannot restore your health.


Message History

Your skin crawls.
You feel strong-willed.
Duvessa rages.
Aiming: Polymorph
Press: ? - help, Shift-Dir - straight line, f - Duvessa
Aim: Duvessa, wielding a +4 rapier of draining and wearing a +0 ring mail (lightly wounded, berserk, will become a scorpion, a howler monkey, or a water moccasin, chance to affect: 31%)
Okay, then.
Unknown command.
Aiming: Corrosive Bolt
Press: ? - help, Shift-Dir - straight line, f - Duvessa
Aim: Duvessa, wielding a +4 rapier of draining and wearing a +0 ring mail (lightly wounded, berserk, 79% to hit)
The bolt of acid misses Duvessa.
Aiming: Corrosive Bolt
Press: ? - help, Shift-Dir - straight line, f/p - Duvessa
Aim: Duvessa, wielding a +4 rapier of draining and wearing a +0 ring mail (lightly wounded, berserk, 79% to hit)
The bolt of acid hits Duvessa!
The acid corrodes Duvessa!
Duvessa is moderately wounded.
Aiming: Corrosive Bolt
Press: ? - help, Shift-Dir - straight line, f/p - Duvessa
Aim: Duvessa, wielding a +4 rapier of draining and wearing a +0 ring mail (moderately wounded, berserk, covered in acid, 79% to hit)
The bolt of acid misses Duvessa.
Duvessa hits you with a +4 rapier of draining.
You feel drained.
You hit Duvessa. You freeze Duvessa.
Duvessa is moderately wounded.
Duvessa barely misses you.
Duvessa hits you with a +4 rapier of draining!
You feel drained.
A red film seems to cover your vision as you go berserk!
You feel yourself moving faster!
You feel mighty! Duvessa closely misses you.
You slash Duvessa! You freeze Duvessa.
Duvessa is heavily wounded.
Duvessa hits you with a +4 rapier of draining!
* * * LOW HITPOINT WARNING * * *
You feel drained.
* * * LOW HITPOINT WARNING * * *
You slash Duvessa! You freeze Duvessa.
Duvessa is severely wounded.
Duvessa hits you with a +4 rapier of draining!
You die...

#.####.##....# #.# ####.###
#....(.###(..####.# #....# #
######..### #...##...###.#######
#.....>..# ######.####..#####..
#.######.#######........##......
##.###...........................
#))..<.#######....#.#######.###..
..)##### ##....##..# #..# #..
.#.<######...##.@e.### #..## ###
_..)†................####.#
.####(##########...#......# . .#
##..>......# # ##.#####)#..#
#....# ... .# #.##.# ##...
########..# .#.. #..(###.÷.# # .


You could see Duvessa (berserk, corroded).

Vanquished Creatures
  6 yaks (D:7)
  Menkaure (D:7)
  Edmund (D:5)
  An orc warrior (D:6)
  A sky beast (D:6)
  An ogre (D:7)
  An ice beast (D:6)
  4 centaurs
  A phantom (D:5)
  A kobold brigand (D:6)
  3 bullfrogs
  3 scorpions
  Dowan (D:7)
  3 orc priests
  3 hounds
  2 iguanas
  A sleepcap (D:6)
  2 orc wizards (D:4)
  A mummy (D:5)
  5 adders
  2 river rats (D:4)
  A white imp (D:7)
  6 worms
  3 dart slugs
  16 orcs
  11 ball pythons
  3 bats
  14 endoplasms
  10 giant cockroaches
  7 goblins
  11 hobgoblins
  3 jackals (D:2)
  14 quokkas
  9 frilled lizards
  11 kobolds
  9 rats
172 creatures vanquished.

Notes
Turn   | Place    | Note
-------+----------+-------------------------------------------
     0 | D:1      | arthad the Vine Stalker Berserker began the quest for the
                  | Orb.
     0 | D:1      | Reached XP level 1. HP: 11/11 MP: 2/2
   101 | D:1      | Reached XP level 2. HP: 15/16 MP: 3/3
   346 | D:1      | Found Udghulai's Jewellery Emporium.
   871 | D:2      | Reached XP level 3. HP: 19/20 MP: 4/4
   909 | D:2      | Reached ** piety under Trog
  1266 | D:2      | Found Ughiwidd's Book Shoppe.
  1361 | D:2      | Gained mutation: Your natural rate of healing is unusually
                  | fast. [Vine Stalker growth]
  1361 | D:2      | Reached XP level 4. HP: 20/24 MP: 3/5
  1964 | D:3      | Reached XP level 5. HP: 28/28 MP: 6/6
  2100 | D:3      | Found an iron altar of Okawaru.
  2210 | D:3      | Found a shimmering blue altar of Sif Muna.
  2532 | D:4      | Reached XP level 6. HP: 33/33 MP: 7/7
  2615 | D:4      | Found a white marble altar of Elyvilon.
  2744 | D:4      | Reached *** piety under Trog
  2832 | D:4      | Found a glowing drain.
  2836 | Sewer    | Entered a sewer
  3059 | Sewer    | Reached **** piety under Trog
  3078 | Sewer    | Reached XP level 7. HP: 34/37 MP: 6/8
  3861 | D:5      | Entered Level 5 of the Dungeon
  3861 | D:5      | Found a staircase to the Ecumenical Temple.
  3983 | D:5      | Noticed Edmund
  3990 | D:5      | Killed Edmund
  4044 | D:5      | Found a snail-covered altar of Cheibriados.
  4253 | D:5      | Gained mutation: You have razor-sharp teeth. [Vine Stalker
                  | growth]
  4253 | D:5      | Reached XP level 8. HP: 41/42 MP: 9/9
  4566 | D:5      | Reached skill level 5 in Fighting
  4749 | D:6      | Found Pepint's Antique Weapon Boutique.
  4773 | D:6      | Reached skill level 5 in Axes
  4785 | D:6      | Identified the +5 ring mail of Lightning Storm {Fly rElec
                  | rN++ Str-5}
  4831 | D:6      | Found a sacrificial altar of Ru.
  5077 | D:6      | Found a shadowy altar of Dithmenos.
  5170 | D:6      | Found a burning altar of Makhleb.
  5172 | D:6      | Found an ancient bone altar of Kikubaaqudgha.
  5175 | D:6      | Found a bloodstained altar of Trog.
  5527 | D:7      | Found a glowing silver altar of Zin.
  5599 | D:7      | Reached XP level 9. HP: 44/48 MP: 10/10
  5695 | D:7      | Reached skill level 5 in Armour
  5695 | D:7      | Reached skill level 5 in Dodging
  5780 | D:7      | Noticed Menkaure
  5784 | D:7      | Killed Menkaure
  5866 | D:7      | Noticed Duvessa
  5866 | D:7      | Noticed Dowan
  5871 | D:7      | Killed Dowan
  5882 | D:7      | Slain by Duvessa

Illustrated notes

Levels and vault maps discovered:
D:1:      lightli_arrival_quake, layout_loops_ring, serial_shops, shop,
          minivault_5, minmay_liquid_box
D:2:      layout_basic, serial_shops, shop
D:3:      layout_basic, led_sif_book, okawaru_ov_weapons_minmay, minivault_25
D:4:      layout_basic, kennysheep_little_box, gup_sewer_entry_spiral,
          minmay_misc_feat_iff
D:5:      layout_basic, slow_altar_2, minmay_temple_entry_statues, uniq_edmund
D:6:      layout_gridville, nicolae_dithmenos_the_darkroom,
          hangedman_ru_absence, grunt_temple_overflow_open, serial_shops, shop
D:7:      layout_rooms, nicolae_tso_carved_into_rock, lemuel_crystal_altar,
          grunt_ogre_cave, due_unseen_surprise, uniq_menkaure, uniq_duvessa

Skill      XL: |  1  2  3  4  5  6  7  8  9 |
---------------+----------------------------+-----
Fighting       | 3 4 5 6 |  6.6
Axes           | 3 4 5 6 |  6.5
Armour         | 2 3 4 5 |  5.7
Dodging        | 2 3 4 5 |  5.6

Action                     |  1- 3 |  4- 6 |  7- 9 || total
---------------------------+-------+-------+-------++-------
  Melee: Hand axe          |    95 |   227 |   214 ||   536
         Bite              |    18 |    45 |    69 ||   132
         Punch             |     1 |     1 |     4 ||     6
  Throw: Javelin           |       |       |     4 ||     4
 Invoke: Berserk           |       |     1 |     4 ||     5
         Trog's Hand       |       |     1 |     2 ||     3
  Evoke: Wand              |       |       |     3 ||     3
    Use: Scroll            |       |     5 |     2 ||     7
   Stab: Sleeping          |     1 |     1 |       ||     2
 Armour: Animal skin       |    15 |    10 |       ||    25
         Chain mail        |       |    89 |   136 ||   225
  Dodge: Dodged            |    53 |   103 |   119 ||   275
